 Dungeon Crawl Stone Soup version 0.24-a0-528-g98e85ec (webtiles) character file.

Game seed: 3113852749018684114

1239 BoppinsLewinski the Insei (level 8, -1/64 HPs)
             Began as a Demonspawn Monk on Aug 6, 2019.
             Was a Priest of Cheibriados.
             Slain by an orc warrior
             ... wielding a +0 dire flail
              (13 damage)
             ... on level 6 of the Dungeon.
             The game lasted 00:15:06 (6830 turns).

BoppinsLewinski the Insei (Demonspawn Monk)         Turns: 6830, Time: 00:15:06

Health: -1/64      AC: 14    Str: 25    XL:     8   Next: 25%
Magic:  0/8        EV:  7    Int: 19    God:    Cheibriados [***...]
Gold:   395        SH:  0    Dex: 25    Spells: 7/7 levels left

rFire    . . .     SeeInvis .     - Unarmed
rCold    . . .     Gourm    .   (no shield)
rNeg     . . .     Faith    .   x - +0 plate armour
rPois    .         Spirit   +   (helmet restricted)
rElec    .         Reflect  .   (no cloak)
rCorr    .         Harm     .   n - +1 pair of gloves
MR       .....                  f - +0 pair of boots
Stlth    ..........             (no amulet)
HPRegen  0.00/turn              (no ring)
MPRegen  0.22/turn              (no ring)

@: mighty, heavily drained, very slow
A: antennae 1, talons 1, thin skeletal structure 1, sense surroundings 1,
inhibited regeneration, wild magic 1, magic shield, magic regeneration
a: Bend Time, Temporal Distortion, Renounce Religion


You were on level 6 of the Dungeon.
You worshipped Cheibriados.
Cheibriados was most pleased with you.
You were not hungry.

You visited 1 branch of the dungeon, and saw 6 of its levels.

You collected 395 gold pieces.

Inventory:

Armour
 f - a +0 pair of boots (worn)
 n - a +1 pair of gloves (worn)
 x - a +0 plate armour (worn)
Jewellery
 p - an uncursed ring of resist corrosion {unknown}
 w - a +6 ring of dexterity {unknown}
Wands
 o - a wand of scattershot (6)
 u - a wand of polymorph (6)
Scrolls
 a - a scroll of vulnerability {unknown}
 c - 5 scrolls of remove curse
 e - a scroll of enchant armour {unknown}
 g - 2 scrolls of fear {unknown}
 i - 3 scrolls of teleportation {unknown}
 j - a scroll of immolation {unknown}
 l - 2 scrolls of noise {unknown}
 m - 2 scrolls of identify
 q - 2 scrolls of amnesia {unknown}
 r - a scroll of enchant weapon {unknown}
 v - a scroll of magic mapping {unknown}
Potions
 d - 3 potions of agility
 h - 3 potions of brilliance
 t - a potion of curing
 z - a potion of invisibility {unknown}
 A - a potion of flight {unknown}
 B - a potion of magic {unknown}
Comestibles
 b - 11 rations


   Skills:
 + Level 5.7(4.1) Fighting
 + Level 4.2(2.7) Armour
 - Level 2.6(1.1) Dodging
 - Level 1.7(0.3) Stealth
 * Level 7.0(5.3) Unarmed Combat


You had 7 spell levels left.
You didn't know any spells.
Your spell library was empty.

Dungeon Overview and Level Annotations

Branches:
Dungeon (6/15)             Temple (0/1) D:6

Altars:
Ashenzari
Cheibriados
Hepliaklqana
Qazlal
Ru
Trog
Xom
Zin

Annotations:
D:3 1 runed translucent door, Crazy Yiuf
D:6 2 transporters, Xavori's ghost, novice OpCK


Innate Abilities, Weirdness & Mutations

You have sharp toenails.
You have a somewhat thin skeletal structure. (Dex +2, Stealth)
When hurt, damage is shared between your health and your magic reserves.
You regenerate magic rapidly.
You have a pair of small antennae on your head.
You passively map a small area around you.
You do not regenerate when monsters are visible.
Your spells are a little harder to cast, but a little more powerful.


Message History

You punch the orc warrior!
The orc warrior is heavily wounded.
Something hits you but does no damage.
The orc warrior hits you with a +0 dire flail.
* * * LOW HITPOINT WARNING * * *
Unknown command.
You closely miss the orc warrior.
The orc warrior is heavily wounded.
Something hits you.
* * * LOW HITPOINT WARNING * * *
The orc warrior completely misses you.
Unknown command.
You hit the orc warrior but do no damage.
The orc warrior is heavily wounded.
Something hits you but does no damage.
Unknown command.
You punch the orc warrior!
The orc warrior is severely wounded.
The orc warrior hits you with a +0 dire flail!
You die...

#...## ###....## *
##....####...##..### ,
,
,.......#....#####..##
#......### ##..# ,, ,
*##...### ##.. , ##.##
* ##. , , * #..##.. ##
, ##.##....,* # ,
##@.#...... ### , ,,
#o{#....... ##.. ,
##.#........ * #...
#..#........, #...
##.#........., #...
#............ ##..
##...[........, #...
#............. ...#
#.##........## .###


You could see an orc warrior.

Vanquished Creatures
  Edmund (D:4)
  A water moccasin (D:5)
  An ice beast (D:5)
  An ogre (D:6)
  A centaur (D:5)
  A big kobold (D:5)
  A scorpion (D:5)
  4 wights (D:6)
  2 crimson imps
  A hound (D:5)
  2 orc wizards (D:5)
  A bullfrog skeleton (D:5)
  3 iguanas
  A worker ant (D:4)
  A hound skeleton (D:4)
  8 adders
  4 oozes
  2 worms (D:2)
  5 dart slugs
  2 leopard geckos
  12 orcs
  A ball python (D:2)
  6 giant cockroaches
  8 goblins
  7 hobgoblins
  2 jackals (D:5)
  2 quokkas (D:3)
  9 bats
  4 frilled lizards
  9 kobolds
  A quokka skeleton (D:6)
  3 rats
107 creatures vanquished.

Notes
Turn   | Place    | Note
-------+----------+-------------------------------------------
     0 | D:1      | BoppinsLewinski the Demonspawn Monk began the quest for the
                  | Orb.
     0 | D:1      | Reached XP level 1. HP: 18/18 MP: 1/1
   367 | D:1      | Reached skill level 3 in Unarmed Combat
   367 | D:1      | Gained mutation: When hurt, damage is shared between your
                  | health and your magic reserves. [demonic ancestry]
   367 | D:1      | Reached XP level 2. HP: 23/24 MP: 2/2
   708 | D:2      | Reached skill level 1 in Armour
   724 | D:2      | Reached XP level 3. HP: 29/29 MP: 3/3
  1584 | D:2      | Found a stormy altar of Qazlal.
  1708 | D:2      | Gained mutation: You regenerate magic rapidly. [demonic
                  | ancestry]
  1708 | D:2      | Reached XP level 4. HP: 35/35 MP: 4/4
  2613 | D:3      | Reached skill level 4 in Unarmed Combat
  2656 | D:3      | Found a runed translucent door.
  2657 | D:3      | Noticed Crazy Yiuf
  2968 | D:3      | Gained mutation: You have sharp toenails. [demonic
                  | ancestry]
  2968 | D:3      | Reached XP level 5. HP: 41/42 MP: 5/5
  2988 | D:3      | Found a snail-covered altar of Cheibriados.
  3004 | D:3      | Became a worshipper of Cheibriados the Contemplative
  3004 | D:3      | Reached * piety under Cheibriados
  3004 | D:3      | Reached ** piety under Cheibriados
  3283 | D:4      | Gained mutation: Your spells are a little harder to cast,
                  | but a little more powerful. [potion of mutation]
  3283 | D:4      | Gained mutation: You have a pair of small antennae on your
                  | head. [potion of mutation]
  3283 | D:4      | Gained mutation: You do not regenerate when monsters are
                  | visible. [potion of mutation]
  3283 | D:4      | Gained mutation: You passively map a small area around you.
                  | [potion of mutation]
  3296 | D:4      | Noticed Edmund
  3350 | D:4      | Killed Edmund
  3611 | D:4      | Reached XP level 6. HP: 21/48 MP: 4/6
  3896 | D:4      | Reached skill level 5 in Unarmed Combat
  3962 | D:4      | Found a bloodstained altar of Trog.
  4213 | D:5      | Entered Level 5 of the Dungeon
  4522 | D:5      | Reached XP level 7. HP: 42/55 MP: 5/7
  4585 | D:5      | Reached *** piety under Cheibriados
  4609 | D:5      | Reached skill level 5 in Fighting
  4995 | D:5      | Reached skill level 6 in Unarmed Combat
  5375 | D:5      | Found a hazy altar of Hepliaklqana.
  5376 | D:5      | Found a shimmering altar of Xom.
  5376 | D:5      | Noticed a hell beast
  5377 | D:5      | Noticed a hell beast
  5377 | D:5      | Noticed a spectral ugly thing
  5751 | D:6      | Found a transporter.
  5751 | D:6      | Noticed Xavori's ghost (novice OpCK)
  5753 | D:6      | Found a transporter.
  5786 | D:6      | Found a shattered altar of Ashenzari.
  5897 | D:6      | Gained mutation: You have a somewhat thin skeletal
                  | structure. (Dex +2, Stealth) [demonic ancestry]
  5897 | D:6      | Reached XP level 8. HP: 35/63 MP: 6/8
  6431 | D:6      | Found a staircase to the Ecumenical Temple.
  6576 | D:6      | Reached skill level 7 in Unarmed Combat
  6737 | D:6      | Found a sacrificial altar of Ru.
  6740 | D:6      | Found a glowing silver altar of Zin.
  6830 | D:6      | Slain by an orc warrior

Levels and vault maps discovered:
D:1:      minmay_arrival_doors, layout_loops_ring
D:2:      layout_basic, nicolae_overflow_crystal_walls, first_ration
D:3:      layout_basic, kennysheep_slug_shrine, chequers_serial_rivers_micro_d,
          uniq_crazy_yiuf_cottage
D:4:      layout_gridville, bloody_trog, uniq_edmund
D:5:      layout_loops_ring, regret_index_temple_of_mockery,
          roderic_serpentine_path, minivault_23
D:6:      layout_cave_pods, minitemple, minmay_temple_entry_gardened_gates,
          gammafunk_ghost_smash

Skill      XL: |  1  2  3  4  5  6  7  8 |
---------------+-------------------------+-----
Unarmed Combat | 3 4 5 6 7 |  7.0
Armour         | 1 2 3 4 |  4.2
Fighting       | 4 5 |  5.7
Dodging        | |  2.6
Stealth        | |  1.7

Action                   |  1- 3 |  4- 6 |  7- 9 || total
-------------------------+-------+-------+-------++-------
Melee: Unarmed           |   137 |   262 |   202 ||   601
       Punch             |     1 |     6 |     4 ||    11
  Use: Scroll            |       |     6 |     1 ||     7
       Potion            |       |     4 |     5 ||     9
 Stab: Sleeping          |     2 |     2 |       ||     4
  Eat: Ration            |     1 |       |     1 ||     2
       Chunk             |       |     6 |       ||     6
Armor: Leather armour    |    33 |       |       ||    33
       Robe              |     1 |       |       ||     1
       Ring mail         |    16 |    85 |    15 ||   116
       Skin              |       |     2 |       ||     2
       Plate armour      |       |       |    67 ||    67
Dodge: Dodged            |    95 |   167 |    71 ||   333

Table legend:
 A = Non-vault XP
 B = Vault XP
 C = Vault XP percentage of total XP
 D = Non-vault monster count
 E = Vault monster count
 F = Vault count percentage of total count
                 A         B        C        D         E       F
            +---------+---------+-------+---------+---------+-------
      Total |    1608 |     162 |   9.2 |     105 |       2 |   1.9
            +---------+---------+-------+---------+---------+-------
        D:1 |      48 |       0 |   0.0 |      16 |       0 |   0.0
        D:2 |      57 |       0 |   0.0 |      20 |       0 |   0.0
        D:3 |      98 |       4 |   3.9 |      27 |       1 |   3.6
        D:4 |     117 |     158 |  57.5 |       9 |       1 |  10.0
        D:5 |     851 |       0 |   0.0 |      24 |       0 |   0.0
        D:6 |     437 |       0 |   0.0 |       9 |       0 |   0.0
            +---------+---------+-------+---------+---------+-------
